 Dungeon Crawl Stone Soup version 0.19-a0-1172-g765ece1 (webtiles) character file.

12877 AlphabetPasta the Destroyer (level 12, -4/83 HPs)
             Began as a Merfolk Conjurer on Aug 16, 2016.
             Was an Elder of Vehumet.
             Slain by a yak (16 damage)
             ... on level 2 of the Lair of Beasts.
             The game lasted 01:28:58 (14759 turns).

AlphabetPasta the Destroyer (Merfolk Conjurer)     Turns: 14759, Time: 01:28:58

Health: -4/83      AC: 10    Str:  9    XL:     12   Next: 0%
Magic:  22/40      EV: 18    Int: 23    God:    Vehumet [****..]
Gold:   631        SH:  0    Dex: 15    Spells: 5 memorised, 16 levels left

rFire  + . .     SeeInvis .     p - staff of power
rCold  + . .     Gourm    .     u - +2 robe {rC+ rF+}
rNeg   . . .     Faith    .     (no shield)
rPois  .         Spirit   .     e - +0 helmet
rElec  .         Dismiss  .     z - +0 cloak (curse)
rCorr  .         Reflect  .     K - +0 pair of gloves
MR     .....     Harm     .     D - +2 pair of boots
Stlth  +.........               (no amulet)
                                (no ring)
                                m - ring of loudness (curse)

@: brilliant, about to teleport
A: change form in water, swift swim
a: Renounce Religion


You were on level 2 of the Lair of Beasts.
You worshipped Vehumet.
Vehumet was greatly pleased with you.
You were hungry.

You visited 3 branches of the dungeon, and saw 13 of its levels.
You also visited: Sewer.

You collected 693 gold pieces.
You spent 62 gold pieces at shops.

Inventory:

Missiles
 r - 7 javelins (quivered)
Armour
 a - a +0 robe
 d - a +1 cloak
 e - a +0 helmet (worn)
 u - a +2 robe of resistance (worn)
 x - a +0 pair of boots
 z - a cursed +0 cloak (worn)
 A - a +0 shield
 D - a +2 pair of boots (worn)
 K - a +0 pair of gloves (worn)
Magical Staves
 p - an uncursed staff of power (weapon)
Jewellery
 m - a cursed ring of loudness (left hand)
Wands
 w - a wand of paralysis (12/24)
 y - a wand of random effects (35/48)
 E - a wand of teleportation (3/9)
 H - a wand of flame (24/48)
Scrolls
 f - 7 scrolls of identify
 j - 6 scrolls of amnesia
 l - 3 scrolls of fog
 v - 2 scrolls of remove curse
Potions
 h - 4 potions of might
 i - 2 potions of flight
 k - 9 potions of curing
 n - a potion of brilliance
 t - 2 potions of cancellation
 B - a potion of magic
 J - a potion of agility
Books
 b - a book of Conjurations

   Spells                             Type                      Level
   a - Magic Dart                     Conjuration                  1
   b - Searing Ray                    Conjuration                  2
   c - Dazzling Spray                 Conjuration/Hexes            3
   d - Fulminant Prism                Conjuration/Hexes            4
   e - Iskenderun's Mystic Blast      Conjuration                  4
   f - Iskenderun's Battlesphere      Conjuration/Charms           5
Miscellaneous
 I - a box of beasts
Comestibles
 c - 6 bread rations
 g - 4 beef jerkies
 o - a royal jelly
 q - 3 meat rations
 F - 3 fruits


   Skills:
 - Level 3.7 Fighting
 - Level 2.1 Staves
 + Level 9.0 Dodging
 - Level 2.1 Stealth
 - Level 3.2 Shields
 + Level 9.3 Spellcasting
 * Level 11.7 Conjurations


You had 16 spell levels left.
You knew the following spells:

 Your Spells              Type           Power        Failure   Level  Hunger
a - Magic Dart            Conj           ####         1%          1    None
b - Searing Ray           Conj           ######       1%          2    None
c - Iskenderun's Mystic   Conj           ######..     1%          4    ##.....
d - Mephitic Cloud        Conj/Pois/Air  #####...     1%          3    None
e - Conjure Flame         Conj/Fire      ######..     1%          3    None


Dungeon Overview and Level Annotations

Branches:
Dungeon (10/15)            Temple (1/1) D:7            Lair (2/6) D:8
 Spider (0/4) Lair:2          Orc (0/2) D:9
  Swamp: Lair:2-4    Shoals: Lair:2-4

Altars:
Ashenzari
Cheibriados
Dithmenos
Elyvilon
Fedhas
Gozag
Hepliaklqana
Kikubaaqudgha
Makhleb
Nemelex Xobeh
Okawaru
Pakellas
Qazlal
Ru
Sif Muna
Trog
Uskayaw
Vehumet
Xom
Yredelemnul
Zin
The Shining One
Lugonu

Shops:
D:6 :   D:7 *(   D:9 *

Annotations:
D:9 JaminCrawler's ghost, novice MiBe
D:10 wearedevo's ghost, novice DsMo
Lair:2 Erica; Nergalle


Message History

Evoking this partially-identified wand wasted a few charges.
* * * LOW HITPOINT WARNING * * *
You feel sick. The black mamba bites you!
* * * LOW HITPOINT WARNING * * *
You are more poisoned.
The black mamba poisons you! The black mamba closely misses you.
The yak misses you.
Erica hits you with a scimitar of flaming.
* * * LOW HITPOINT WARNING * * *
You feel better. The black mamba bites you!
* * * LOW HITPOINT WARNING * * *
The black mamba closely misses you. The yak gores you!
* * * LOW HITPOINT WARNING * * *
Erica closely misses you.
A yak comes into view.
Okay, then.
You feel better.
The yak bellows!
The black mamba closely misses you. The yak gores you!
You die...

,,,,,,* ,,,,,** ##* *##
,,,,,*####*###.###### *#.## ***
,,,,,##.#.##.##...#.###P..##*,*
,,,,,.......................,,*
,,,,,........†.........YYY.Y,,**
,,,,,......<................,,,*
,,,,,..................>....,,,**
,,,,,.......o..@@S.YY..>....,,*,*
,,,,,.....<......Y..........,,,**
,,,,,##.###.########P...##.#*,**
≈,,,,**** ##* ###.##*,**** ≈,,,,*
*## *** ,,,,,* ,,,,,* ,,,,,**
,,>,,,**


You could see Erica, Nergalle, a black mamba and 4 yaks.

Vanquished Creatures
  Sonja (Lair:1)
  2 hill giants (D:9)
  Pikel (D:5)
  A spiny frog (Lair:1)
  A komodo dragon (Lair:1)
  5 blink frogs
  A jumping spider (Lair:2)
  11 yaks
  A hippogriff (Lair:1)
  The ghost of NervFog the Sneak, an amateur OpMo (D:3)
  A steam dragon (D:9)
  A warg (D:9)
  3 water moccasins (Lair:1)
  Duvessa (D:4)
  2 porcupines
  2 ice beasts (D:6)
  A slave (D:5)
  2 black bears
  8 ogres
  2 sky beasts (D:8)
  5 orc warriors
  4 phantoms
  4 wolves (Lair:1)
  7 centaurs
  3 crocodiles
  6 big kobolds
  4 giant frogs
  Dowan (D:4)
  6 scorpions
  3 killer bees (D:8)
  9 wights
  5 howler monkeys
  4 crimson imps
  A giant frog zombie (D:9)
  2 quasits
  8 hounds
  7 orc priests
  2 jellies
  A gnoll shaman (D:4)
  8 orc wizards
  Jessica (D:3)
  5 iguanas
  8 worker ants
  A killer bee zombie (D:9)
  Robin (D:2)
  4 gnolls (D:4)
  13 adders
  3 river rats
  A shadow imp (D:10)
  3 oozes
  An adder skeleton (D:5)
  2 worms
  2 dart slugs
  4 giant geckos
  33 orcs
  20 bats
  9 giant cockroaches
  17 goblins
  11 hobgoblins
  6 jackals
  28 kobolds
  3 quokkas
  5 ball pythons
  9 giant newts
  A jackal zombie (D:8)
  A quokka skeleton (D:4)
  21 rats
351 creatures vanquished.

Vanquished Creatures (others)
  An ogre (D:5)
  A crimson imp (D:5)
  5 fungi
  A plant (D:8)
8 creatures vanquished.

Grand Total: 359 creatures vanquished

Notes
Turn   | Place    | Note
-------+----------+-------------------------------------------
     0 | D:1      | AlphabetPasta the Merfolk Conjurer began the quest for the Orb.
     0 | D:1      | Reached XP level 1. HP: 13/13 MP: 3/3
   258 | D:1      | Reached XP level 2. HP: 18/19 MP: 0/5
   262 | D:1      | Learned a level 2 spell: Searing Ray
   870 | D:2      | Found a shimmering altar of Xom.
   870 | D:2      | Found a white marble altar of Elyvilon.
   955 | D:2      | Reached XP level 3. HP: 25/25 MP: 2/6
  1231 | D:1      | Learned a level 2 spell: Searing Ray
  1419 | D:2      | Noticed Robin
  1728 | D:1      | Reached XP level 4. HP: 23/31 MP: 0/8
  1734 | D:1      | Learned a level 4 spell: Iskenderun's Mystic Blast
  1819 | D:2      | Killed Robin
  1819 | D:2      | Reached skill level 1 in Fighting
  2042 | D:2      | Found an oddly glowing altar of Pakellas.
  2337 | D:3      | Noticed NervFog's ghost (amateur OpMo)
  2694 | D:3      | Found a shadowy altar of Dithmenos.
  2720 | D:3      | Found a snail-covered altar of Cheibriados.
  2747 | D:3      | Found a shadowy altar of Dithmenos.
  2845 | D:3      | Noticed Jessica
  3002 | D:3      | Reached skill level 4 in Conjurations
  3048 | D:3      | Found a deep blue altar of Sif Muna.
  3070 | D:3      | Reached XP level 5. HP: 33/37 MP: 2/10
  3143 | D:3      | Identified Sif Muna's Papyrus of Earth
  3349 | D:3      | Killed Jessica
  3391 | D:3      | Killed NervFog's ghost
  3391 | D:3      | Reached skill level 5 in Conjurations
  3391 | D:3      | Reached XP level 6. HP: 36/43 MP: 0/12
  3705 | D:3      | Found a hazy altar of Hepliaklqana.
  4039 | D:4      | Noticed a phantom
  4262 | D:4      | Found a glowing drain.
  4266 | Sewer    | Entered a sewer
  4412 | Sewer    | Reached XP level 7. HP: 48/48 MP: 4/13
  4796 | Sewer    | Reached skill level 6 in Conjurations
  5242 | D:4      | Reached skill level 5 in Spellcasting
  5344 | D:4      | Reached skill level 1 in Staves
  5344 | D:4      | Reached XP level 8. HP: 54/54 MP: 15/15
  5683 | D:4      | Noticed Dowan
  5690 | D:4      | Noticed Duvessa
  5696 | D:4      | Killed Duvessa
  5696 | D:4      | Reached skill level 7 in Conjurations
  5702 | D:4      | Killed Dowan
  6010 | D:5      | Entered Level 5 of the Dungeon
  6130 | D:5      | Noticed Pikel
  6141 | D:5      | Paralysed by Pikel for 6 turns
  6147 | D:5      | Killed Pikel
  6147 | D:5      | Reached XP level 9. HP: 10/59 MP: 18/18
  6409 | D:5      | Reached skill level 8 in Conjurations
  6499 | D:5      | Found an opulent altar of Gozag.
  6782 | D:5      | Found a hide-covered altar of Uskayaw.
  6783 | D:5      | Noticed a dagger
  6784 | D:5      | Noticed a hand axe
  6914 | D:5      | Reached skill level 5 in Dodging
  7033 | D:6      | Found Jemaf's Book Boutique.
  7407 | D:6      | Found a radiant altar of Vehumet.
  7412 | D:6      | Became a worshipper of Vehumet
  7610 | D:6      | Found a stormy altar of Qazlal.
  8142 | D:7      | Reached skill level 9 in Conjurations
  8243 | D:7      | Found Memout's Weapon Emporium.
  8248 | D:7      | Found a staircase to the Ecumenical Temple.
  8259 | Temple   | Entered the Ecumenical Temple
  8339 | D:7      | Found a glowing silver altar of Zin.
  8341 | D:7      | Found Zin's Purification Station.
  8419 | D:7      | Reached XP level 10. HP: 56/66 MP: 20/20
  9085 | D:8      | Reached * piety under Vehumet
  9085 | D:8      | Offered knowledge of Sting by Vehumet.
  9314 | D:8      | Found a staircase to the Lair.
 10116 | D:8      | Reached ** piety under Vehumet
 10116 | D:8      | Offered knowledge of Throw Flame by Vehumet.
 10435 | D:8      | Reached skill level 10 in Conjurations
 10635 | D:9      | Found an iron altar of Okawaru.
 10736 | D:9      | Reached skill level 1 in Shields
 10954 | D:9      | Noticed a hill giant
 10961 | D:9      | Killed a hill giant
 10961 | D:9      | Offered knowledge of Mephitic Cloud by Vehumet.
 10961 | D:9      | Reached XP level 11. HP: 70/76 MP: 13/23
 10966 | D:9      | Learned a level 3 spell: Mephitic Cloud
 11187 | D:9      | Found a glowing golden altar of the Shining One.
 11234 | D:9      | Found Vaixzuff's Assorted Antiques.
 11239 | D:9      | Bought a scroll labeled LUONAF AKAH for 33 gold pieces
 11239 | D:9      | Bought a coppery potion for 29 gold pieces
 11299 | D:9      | Reached *** piety under Vehumet
 11388 | D:9      | Noticed JaminCrawler's ghost (novice MiBe)
 11661 | D:9      | Found a staircase to the Orcish Mines.
 11752 | D:9      | Found a burning altar of Makhleb.
 11752 | D:9      | Noticed a cacodemon
 11802 | D:9      | Offered knowledge of Conjure Flame by Vehumet.
 11811 | D:9      | Learned a level 3 spell: Conjure Flame
 12205 | D:10     | Entered Level 10 of the Dungeon
 12209 | D:10     | Noticed wearedevo's ghost (novice DsMo)
 12294 | D:10     | Noticed a hill giant
 12622 | D:9      | Killed a hill giant
 13151 | Lair:1   | Entered Level 1 of the Lair of Beasts
 13205 | Lair:1   | Reached skill level 11 in Conjurations
 13390 | Lair:1   | Noticed Sonja
 13394 | Lair:1   | Killed Sonja
 13525 | Lair:1   | Reached **** piety under Vehumet
 14159 | Lair:2   | Noticed Nergalle
 14164 | Lair:2   | Noticed Erica
 14209 | Lair:2   | Offered knowledge of Inner Flame by Vehumet.
 14701 | Lair:1   | Reached XP level 12. HP: 75/83 MP: 25/25
 14758 | Lair:2   | HP: 2/83 [yak (8)]
 14759 | Lair:2   | Slain by a yak

Vault maps used:
D:1:      lightli_arrival_isolated_outpost
D:2:      lemuel_round_altar, gammafunk_temple_overflow_elements, first_bread,
          minmay_tiny_reverse_x, uniq_robin
D:3:      led_sif_book, lemuel_round_altar, marbit_many_paths,
          kennysheep_slug_shrine, grunt_dithmenos_smoke, uniq_jessica
D:4:      gup_sewer_entry_spiral, uniq_duvessa
D:5:      dancing_weapons_uskayaw, nicolae_gozag_seed_capital, uniq_pikel
D:6:      lemuel_coloured_pillars_altar, serial_shops, shop, basic_altar
D:7:      zin_purify, serial_shops, shop
D:8:      grunt_lair_entry_orc_guard_hut
D:9:      makhleb_altar_promises_db, kennysheep_mini, erik_orc_3, basic_altar,
          serial_shops, kennysheep_little_box
Temple:   corrupted_temple
Lair:1:   uniq_sonja
Lair:2:   nicolae_spider_entry_tight_spaces, basic_altar, minmay_lindwurm_lava,
          uniq_erica, uniq_nergalle
Sewer:    kennysheep_pipe_town

Skill      XL: |  1  2  3  4  5  6  7  8  9 10 11 |
---------------+----------------------------------+-----
Dodging        | 3 4 6 9 |  9.0
Spellcasting   | 3 4 5 6 7 8 9 |  9.3
Fighting       | 1 3 |  3.7
Conjurations   | 4 5 6 7 9 10 11 | 11.7
Staves         | 1 2 |  2.1
Shields        | 2 3 |  3.2
Stealth        | |  2.1

Action                   |  1- 3 |  4- 6 |  7- 9 | 10-12 || total
-------------------------+-------+-------+-------+-------++-------
Melee: Unarmed           |    31 |    58 |    10 |       ||    99
       Tailslap          |     2 |     4 |     1 |       ||     7
       Staff             |       |       |     1 |     6 ||     7
 Cast: Magic Dart        |    88 |   110 |   167 |   178 ||   543
       Searing Ray       |       |    14 |    54 |   108 ||   176
       Iskenderun's Myst |       |       |       |    44 ||    44
       Mephitic Cloud    |       |       |       |    11 ||    11
       Conjure Flame     |       |       |       |     6 ||     6
Evoke: Wand              |       |       |       |     4 ||     4
  Use: Scroll            |     6 |     1 |     6 |     6 ||    19
       Potion            |     3 |       |       |     5 ||     8
 Stab: Paralysed         |       |       |       |     4 ||     4
  Eat: Chunk             |     4 |     8 |    11 |    21 ||    44
       Beef jerky        |       |       |     1 |       ||     1
       Fruit             |       |       |       |     1 ||     1
       Pizza             |       |       |       |     1 ||     1
Armor: Robe              |    23 |    15 |    10 |    66 ||   114
       Skin              |    19 |       |       |       ||    19
Dodge: Dodged            |    76 |    67 |    45 |   281 ||   469
